 Dungeon Crawl Stone Soup version 0.26.0-16-gc1dbca0489 (webtiles) character file.

Game seed: 1679046464737440499

1698 trckry the Chucker (level 9, 0/88 HPs)
             Began as an Ogre Hunter on Jan 20, 2021.
             Was an Initiate of Ru.
             Slain by an orc warrior
             ... wielding a +4 halberd of flaming
              (23 damage)
             ... on level 5 of the Dungeon.
             The game lasted 00:13:05 (8591 turns).

trckry the Chucker (Ogre Hunter)                    Turns: 8591, Time: 00:13:06

Health: 0/88       AC:  3    Str: 21    XL:     9   Next: 3%
Magic:  11/11      EV: 11    Int: 12    God:    Ru [......]
Gold:   351        SH:  0    Dex:  9    Spells: 8/8 levels left

rFire    . . .     SeeInvis .   o - +6 falchion (elec)
rCold    . . .     Faith    .   (no shield)
rNeg     . . .     Spirit   .   b - +0 robe
rPois    .         Reflect  .   (helmet restricted)
rElec    .         Harm     .   (no cloak)
rCorr    .         Rampage  .   (gloves unavailable)
Will     .....                  (boots unavailable)
Stlth    +.........             (no amulet)
HPRegen  0.24/turn              (no ring)
MPRegen  0.12/turn              (no ring)

@: no status effects
A: large, unfitting armour, tough skin 1
a: Renounce Religion


You were on level 5 of the Dungeon.
You worshipped Ru.
Ru was noncommittal.
You visited 2 branches of the dungeon, and saw 6 of its levels.

You collected 351 gold pieces.

Inventory:

Hand Weapons
 h - a +2 flail of holy wrath
 o - a +6 falchion of electrocution (weapon)
Missiles
 c - 4 large rocks
 j - 18 boomerangs
 v - 24 poisoned darts (quivered)
Armour
 b - a +0 robe (worn)
Jewellery
 d - an uncursed ring of ice {unknown}
Wands
 y - a wand of digging (2)
Scrolls
 a - 2 scrolls of noise {unknown}
 e - 2 scrolls of enchant armour {unknown}
 f - a scroll of magic mapping {unknown}
 g - 11 scrolls of identify {unknown}
 i - 2 scrolls of immolation {unknown}
 k - a scroll of fog {unknown}
 l - 4 scrolls of teleportation
 m - 4 scrolls of remove curse
 t - a scroll of enchant weapon {unknown}
 w - 2 scrolls of blinking {unknown}
 x - a scroll of amnesia {unknown}
Potions
 n - a potion of mutation {unknown}
 p - 2 potions of heal wounds {unknown}
 q - a potion of might {unknown}
 r - a potion of berserk rage
 s - a potion of brilliance {unknown}
 u - a potion of attraction {unknown}
 z - 2 potions of haste {unknown}


   Skills:
 + Level 5.5 Fighting
 * Level 4.7 Maces & Flails
 * Level 6.5 Throwing
 + Level 2.8 Armour
 + Level 3.7 Dodging
 - Level 0.6 Stealth
 + Level 3.8 Invocations
 + Level 2.7 Evocations


You had 8 spell levels left.
You didn't know any spells.
Your spell library was empty.

Dungeon Overview and Level Annotations

Branches:
Dungeon (5/15)             Temple (1/1) D:4

Altars:
Ashenzari
Cheibriados
Dithmenos
Elyvilon
Fedhas
Gozag
Kikubaaqudgha
Makhleb
Nemelex Xobeh
Okawaru
Qazlal
Ru
Sif Muna
Trog
Uskayaw
Vehumet
Wu Jian
Xom
Yredelemnul
Zin
The Shining One

Annotations:
D:3 3 runed translucent doors, HilariousDeathArtist's ghost, amateur HaTm


Innate Abilities, Weirdness & Mutations

You are too large for most types of armour.
You have tough skin. (AC +1)


Message History

You see here a bullfrog corpse.
The orc warrior looks more healthy.
Throw: 26 darts (poison)
Press: ? - help, Q - select action, (/) - cycle Shift-Dir - straight line, f/p - orc warrior
Aim: an orc warrior, wielding a +4 halberd of flaming and wearing a +0 plate armour (severely wounded)
You throw a poisoned dart.
The poisoned dart barely misses the orc warrior.
The orc warrior hits you from afar with a +4 halberd of flaming!!
* * * LOW HITPOINT WARNING * * *
The orc warrior burns you.
* * * LOW HITPOINT WARNING * * *
Throw: 25 darts (poison)
Press: ? - help, Q - select action, (/) - cycle Shift-Dir - straight line, f/p - orc warrior
Aim: an orc warrior, wielding a +4 halberd of flaming and wearing a +0 plate armour (severely wounded)
You throw a poisoned dart. The poisoned dart hits the orc warrior!
The orc warrior is poisoned.
The orc warrior is severely wounded.
The orc warrior looks more healthy.
The orc warrior hits you from afar with a +4 halberd of flaming!!
You die...

.# #(# .# #.#
.###### #.#
......#
###########.#
#####.#
#...........#
# #.#
#.###########
# #.# #o# #
#.# #.#
#####.#
######@#
......#
#......#
##.####
#.###### #.#
#.#
#.########.#
#..........#
############


You could see an orc warrior.

Vanquished Creatures
  Sigmund (D:2)
  A water moccasin (D:5)
  An orc warrior (D:5)
  3 ice beasts
  A phantom (D:4)
  2 ogres
  A bullfrog (D:5)
  2 scorpions (D:5)
  An orc priest (D:4)
  4 hounds
  A jelly (D:5)
  4 orc wizards
  Natasha (thrice) (D:2)
  Terence (D:2)
  4 worker ants
  5 adders
  An adder skeleton (D:5)
  5 worms
  5 leopard geckos
  9 orcs
  2 ball pythons (D:2)
  7 bats
  4 giant cockroaches
  8 goblins
  8 hobgoblins
  15 jackals
  7 kobolds
  3 quokkas
  6 frilled lizards
  4 rats
119 creatures vanquished.

Vanquished Creatures (others)
  A plant (D:2)
1 creature vanquished.

Grand Total: 120 creatures vanquished

Notes
Turn   | Place    | Note
-------+----------+-------------------------------------------
     0 | D:1      | trckry the Ogre Hunter began the quest for the Orb.
     0 | D:1      | Reached XP level 1. HP: 22/22 MP: 1/1
   490 | D:1      | Reached XP level 2. HP: 5/29 MP: 2/2
  1310 | D:2      | Reached skill level 1 in Maces & Flails
  1310 | D:2      | Reached XP level 3. HP: 37/37 MP: 3/3
  1443 | D:2      | Noticed Sigmund
  1461 | D:1      | HP: 3/37 [hobgoblin (3)]
  1462 | D:1      | HP: 1/37 [hobgoblin (2)]
  1468 | D:1      | HP: 1/55 [poisoned by Sigmund]
  2023 | D:2      | Killed Sigmund
  2024 | D:2      | Reached skill level 1 in Armour
  2024 | D:2      | Reached skill level 1 in Invocations
  2024 | D:2      | Reached skill level 1 in Evocations
  2024 | D:2      | Reached XP level 4. HP: 37/45 MP: 3/5
  2024 | D:2      | Reached XP level 5. HP: 44/53 MP: 3/6
  2409 | D:2      | Reached XP level 6. HP: 10/61 MP: 7/7
  2811 | D:2      | Noticed Natasha
  2816 | D:2      | Killed Natasha
  2899 | D:2      | Noticed Terence
  2920 | D:2      | Killed Terence
  3161 | D:2      | Noticed Natasha
  3165 | D:2      | Killed Natasha
  3194 | D:2      | Noticed Natasha
  3202 | D:2      | Killed Natasha
  3203 | D:2      | Reached skill level 5 in Throwing
  3550 | D:3      | Found a runed translucent gate.
  3550 | D:3      | Found a runed translucent gate.
  3550 | D:3      | Found a runed translucent gate.
  4178 | D:3      | Noticed HilariousDeathArtist's ghost (amateur HaTm)
  4178 | D:3      | Identified the +5 short sword of a Billion Artisans {drain,
                  | Str+4 Dex+4}
  4418 | D:4      | Reached XP level 7. HP: 70/70 MP: 8/8
  4526 | D:4      | HP: 7/70 [something/magic dart (6)]
  4528 | D:4      | HP: 3/70 [something (3)]
  4886 | D:4      | Found a staircase to the Ecumenical Temple.
  5185 | D:4      | Reached XP level 8. HP: 21/79 MP: 10/10
  5913 | Temple   | Entered the Ecumenical Temple
  6070 | Temple   | Became a worshipper of Ru the Awakened
  6118 | D:5      | Entered Level 5 of the Dungeon
  6623 | D:5      | Reached skill level 5 in Fighting
  6623 | D:5      | Reached skill level 6 in Throwing
  6635 | D:5      | HP: 5/80 [orc warrior/+0 halberd (22)]
  8150 | D:5      | HP: 8/81 [centaur/arrow (13)]
  8155 | D:5      | HP: 12/121 [centaur/cursed -3 shortbow (3)]
  8503 | D:5      | Reached XP level 9. HP: 84/88 MP: 11/11
  8591 | D:5      | Slain by an orc warrior

Illustrated notes

Levels and vault maps discovered:
D:1:      saegor_arrival_simple_a, layout_basic, supply_closet_lemuel,
          minmay_heptomino_h4
D:2:      layout_basic, serial_bayou_pond_b, uniq_terence, uniq_natasha,
          uniq_sigmund
D:3:      minmay_wonky_spiral, layout_rooms, gammafunk_ghost_nasty_kobolds,
          wander_ebering_terrifying_dragon_lair
D:4:      layout_layer_cave, temple_statues
D:5:      layout_loops_ring, minmay_manual_mullet
Temple:   kilobyte_greek_temple

Skill      XL: |  1  2  3  4  5  6  7  8 |
---------------+-------------------------+-----
Fighting       | 3 4 5 |  5.5
Maces & Flails | 1 2 3 4 |  4.7
Dodging        | 2 3 |  3.7
Armour         | 1 2 |  2.8
Invocations    | 1 2 3 |  3.8
Evocations     | 1 2 |  2.7
Throwing       | 5 6 |  6.5
Stealth        | |  0.6

Action                   |  1- 3 |  4- 6 |  7- 9 || total
-------------------------+-------+-------+-------++-------
Melee: Club              |    36 |       |       ||    36
       Short sword       |     8 |       |       ||     8
       Dagger            |    49 |    19 |       ||    68
       Scythe            |       |    11 |       ||    11
       Falchion          |       |    71 |   144 ||   215
       Flail             |       |    17 |       ||    17
Throw: Large rock        |     5 |     3 |     8 ||    16
       Throwing net      |     1 |       |     1 ||     2
       Boomerang         |       |       |     2 ||     2
       Dart              |       |       |    15 ||    15
  Use: Potion            |     2 |       |     3 ||     5
       Scroll            |       |       |     2 ||     2
 Stab: Held in net/web   |     2 |       |       ||     2
       Sleeping          |       |       |     2 ||     2
Armor: Robe              |    30 |    22 |    36 ||    88
       Skin              |     1 |       |     7 ||     8
Dodge: Dodged            |    42 |    69 |    85 ||   196
       Rpst.: Falchion   |       |    13 |    15 ||    28
